NCAA
VIRGINIA TECH HOKIES @ IOWA STATE CYCLONES
05/14/2027
 
TOP OF THE 1ST
Virginia Tech Hokies batting - Pitching for Iowa State Cyclones : RHP Tim Hooper
Pitching: RHP Tim Hooper
Batting: RHB Francisco Medina 0-0: SINGLE (Groundball, 34D)
Batting: RHB Clay Smith 0-0: Foul Ball, location: 2F
0-1: Ball
1-1: Ball
2-1: Called Strike
2-2: Foul Ball, location: 2F
2-2: Strikes out swinging
Batting: LHB Juan Carlos Manuel 0-0: Ball
1-0: Ball
2-0: Ball
3-0: Called Strike
3-1: SINGLE (Flyball, 9S)
Francisco Medina to second
Runner from 2nd tries for 3rd, SAFE, no throw
Batting: RHB Lawrence Ware 0-0: Ball
1-0: Ball
2-0: Ball
3-0: Base on Balls
Juan Carlos Manuel to second
Batting: RHB Eric Clay 0-0: Swinging Strike
0-1: Foul Ball, location: 2F
0-2: Ball
1-2: Strikes out swinging
Batting: RHB Rob Fleming 0-0: Swinging Strike
0-1: Swinging Strike
0-2: Foul Ball, location: 2F
0-2: Foul Ball, location: 2F
0-2: Ball
1-2: Strikes out swinging
Top of the 1st over - 0 run(s), 2 hit(s), 0 error(s), 3 left on base; Virginia Tech 0 - Iowa State 0
BOTTOM OF THE 1ST
Iowa State Cyclones batting - Pitching for Virginia Tech Hokies : RHP Héctor Valentín
Pitching: RHP Héctor Valentín
Batting: RHB José Acuña 0-0: Ball
1-0: Called Strike
1-1: Ground out 4-3 (Groundball, 4)
Batting: RHB Robert Snyder 0-0: Fly out, F8 (Flyball, 89S)
Batting: LHB Mike O'Bryan 0-0: Ball
1-0: Ball
2-0: Ball
3-0: Called Strike
3-1: Base on Balls
Batting: RHB Shane Marshall 0-0: Ball
1-0: Called Strike
1-1: Fly out, F8 (Flyball, 8RM)
Bottom of the 1st over - 0 run(s), 0 hit(s), 0 error(s), 1 left on base; Virginia Tech 0 - Iowa State 0
TOP OF THE 2ND
Virginia Tech Hokies batting - Pitching for Iowa State Cyclones : RHP Tim Hooper
Batting: RHB Nathan Taylor 0-0: Ball
1-0: Ball
2-0: Ball
3-0: Base on Balls
Batting: RHB César Rodríguez 0-0: Swinging Strike
0-1: Ball
1-1: SINGLE (Line Drive, 78M)
Nathan Taylor to second
Batting: RHB Dusty Green 0-0: Called Strike
0-1: 3-RUN HOME RUN (Flyball, 7LD), Distance : 314 ft
Batting: RHB Francisco Medina 0-0: Ball
1-0: Ball
2-0: Foul Ball, location: 2F
2-1: Ball
3-1: Foul Ball, location: 2F
3-2: Foul Ball, location: 2F
3-2: Base on Balls
Batting: RHB Clay Smith 0-0: Ball
1-0: Called Strike
1-1: Ball
2-1: Ball
3-1: Fly out, F8 (Flyball, 8LD)
Runner from 1st tags up, SAFE at 2nd
Batting: LHB Juan Carlos Manuel 0-0: Foul Ball, location: 2F
0-1: Ball
1-1: Hit by Pitch
Batting: RHB Lawrence Ware 0-0: Fly out, F6 (Line Drive, 6)
Batting: RHB Eric Clay 0-0: Called Strike
0-1: Foul Ball, location: 2F
0-2: Fly out, F8 (Flyball, 8RM)
Top of the 2nd over - 3 run(s), 2 hit(s), 0 error(s), 2 left on base; Virginia Tech 3 - Iowa State 0
BOTTOM OF THE 2ND
Iowa State Cyclones batting - Pitching for Virginia Tech Hokies : RHP Héctor Valentín
Batting: LHB Ángel Pérez 0-0: Called Strike
0-1: Ball
1-1: Ball
2-1: Ball
3-1: Base on Balls
Batting: RHB Paco Camacho 0-0: Ball
1-0: Foul Ball, location: 2F
1-1: Ball
2-1: Swinging Strike
2-2: Ball
3-2: Base on Balls
Ángel Pérez to second
Batting: RHB Paul Teague 0-0: Ball
1-0: Fly out, F7 (Flyball, 78M)
Batting: SHB Dan Stone 0-0: Called Strike
0-1: Foul Ball, location: 2F
0-2: Ball
1-2: Foul Ball, location: 2F
1-2: Foul Ball, location: 2F
1-2: Ball
2-2: Fly out, F5 (Popup, 5S)
Batting: RHB Russell Cook 0-0: Ball
1-0: SINGLE (Line Drive, 6D)
Ángel Pérez to third
Paco Camacho to second
Runner from 3rd tries for Home, SAFE, no throw
Batting: RHB José Acuña 0-0: Ball
1-0: Called Strike
1-1: Ball
2-1: Ball
3-1: Base on Balls
Paco Camacho to third
Russell Cook to second
Batting: RHB Robert Snyder 0-0: Ball
1-0: Called Strike
1-1: Swinging Strike
1-2: Ball
2-2: Ball
3-2: Base on Balls
Paco Camacho scores
Russell Cook to third
José Acuña to second
Batting: LHB Mike O'Bryan 0-0: Ground out U3 (Groundball, 34)
Bottom of the 2nd over - 2 run(s), 1 hit(s), 0 error(s), 3 left on base; Virginia Tech 3 - Iowa State 2
TOP OF THE 3RD
Virginia Tech Hokies batting - Pitching for Iowa State Cyclones : RHP Tim Hooper
Batting: RHB Rob Fleming 0-0: Called Strike
0-1: Swinging Strike
0-2: Ball
1-2: Strikes out looking
Batting: RHB Nathan Taylor 0-0: Called Strike
0-1: Swinging Strike
0-2: Strikes out swinging
Batting: RHB César Rodríguez 0-0: Ball
1-0: Called Strike
1-1: Swinging Strike
1-2: Ball
2-2: Strikes out swinging
Top of the 3rd over - 0 run(s), 0 hit(s), 0 error(s), 0 left on base; Virginia Tech 3 - Iowa State 2
BOTTOM OF THE 3RD
Iowa State Cyclones batting - Pitching for Virginia Tech Hokies : RHP Héctor Valentín
Batting: RHB Shane Marshall 0-0: Called Strike
0-1: Ball
1-1: Ball
2-1: SINGLE (Groundball, 4) (infield hit)
Batting: LHB Ángel Pérez 0-0: Ball
1-0: Swinging Strike
1-1: DOUBLE (Groundball, 3L)
Shane Marshall to third
Runner from 3rd tries for Home, SAFE, throw made home
Batting: RHB Paco Camacho 0-0: Ball
1-0: Foul Ball, location: 2F
1-1: Ball
2-1: Ground out U3 (Groundball, 34S)
Ángel Pérez to third
Batting: RHB Paul Teague 0-0: Called Strike
0-1: Swinging Strike
0-2: Ball
1-2: Fly out, F9 (Flyball, 89M)
Runner from 3rd tags up, OUT at HOME
Bottom of the 3rd over - 1 run(s), 2 hit(s), 0 error(s), 0 left on base; Virginia Tech 3 - Iowa State 3
TOP OF THE 4TH
Virginia Tech Hokies batting - Pitching for Iowa State Cyclones : RHP Tim Hooper
Batting: RHB Dusty Green 0-0: Ball
1-0: Ball
2-0: Ball
3-0: Called Strike
3-1: Base on Balls
Batting: RHB Francisco Medina 0-0: Called Strike
0-1: Ball
1-1: Called Strike
1-2: Ball
2-2: Foul Ball, location: 2F
2-2: Fly out, F7 (Flyball, 78S)
Batting: RHB Clay Smith 0-0: Ball
1-0: Swinging Strike
1-1: Called Strike
1-2: Foul Ball, location: 2F
1-2: Strikes out swinging
Pitching: LHP Jeffery Guillermina
Batting: LHB Juan Carlos Manuel 0-0: Called Strike
0-1: Foul Ball, location: 2F
0-2: Ball
1-2: Ball
Wild Pitch!
Dusty Green to second
2-2: SINGLE (Flyball, 89S)
Dusty Green to third
Runner from 3rd tries for Home, SAFE, no throw
Batting: RHB Lawrence Ware 0-0: Called Strike
0-1: Ball
1-1: Ball
2-1: Ball
3-1: Called Strike
3-2: Ground out 6-3 (Groundball, 6)
Top of the 4th over - 1 run(s), 1 hit(s), 0 error(s), 1 left on base; Virginia Tech 4 - Iowa State 3
BOTTOM OF THE 4TH
Iowa State Cyclones batting - Pitching for Virginia Tech Hokies : RHP Héctor Valentín
Batting: SHB Dan Stone 0-0: Ball
1-0: Ball
2-0: Called Strike
2-1: Ball
3-1: Base on Balls
Batting: RHB Russell Cook 0-0: Swinging Strike
0-1: Ball
1-1: Swinging Strike
1-2: Foul Ball, location: 2F
1-2: Strikes out swinging
Batting: RHB José Acuña 0-0: Foul Ball, location: 2F
0-1: Swinging Strike
0-2: Fly out, F9 (Flyball, 9LS)
Batting: RHB Robert Snyder 0-0: Ball
1-0: Called Strike
1-1: Ball
2-1: Called Strike
2-2: Ball
3-2: Base on Balls
Dan Stone to second
Pitching: RHP John Arnold
Batting: LHB Mike O'Bryan 0-0: Ball
1-0: Foul Ball, location: 2F
1-1: Ball
2-1: Foul Ball, location: 2F
2-2: Foul Ball, location: 2F
2-2: Ball
3-2: Reached on error, E7 (Line Drive, 7)
Dan Stone scores
Robert Snyder to third
Batting: RHB Shane Marshall 0-0: Fly out, F8 (Line Drive, 8RS)
Bottom of the 4th over - 1 run(s), 0 hit(s), 1 error(s), 2 left on base; Virginia Tech 4 - Iowa State 4
TOP OF THE 5TH
Virginia Tech Hokies batting - Pitching for Iowa State Cyclones : LHP Jeffery Guillermina
Batting: RHB Eric Clay 0-0: Ball
1-0: Foul Ball, location: 2F
1-1: Swinging Strike
1-2: Ball
2-2: Ball
3-2: Ground out 2-3 (Groundball, 15S)
Batting: RHB Rob Fleming 0-0: Called Strike
0-1: Ball
1-1: Ball
2-1: Ball
3-1: SOLO HOME RUN (Flyball, 78XD), Distance : 388 ft
Batting: RHB Nathan Taylor 0-0: Ball
1-0: Called Strike
1-1: Ball
2-1: Called Strike
2-2: Foul Ball, location: 2F
2-2: Fly out, F8 (Flyball, 8LS)
Batting: RHB César Rodríguez 0-0: Ball
1-0: Foul Ball, location: 2F
1-1: Fly out, F9 (Flyball, 9S)
Top of the 5th over - 1 run(s), 1 hit(s), 0 error(s), 0 left on base; Virginia Tech 5 - Iowa State 4
BOTTOM OF THE 5TH
Iowa State Cyclones batting - Pitching for Virginia Tech Hokies : RHP John Arnold
Batting: LHB Ángel Pérez 0-0: Called Strike
0-1: SINGLE (Line Drive, 9S)
Batting: RHB Paco Camacho 0-0: Called Strike
0-1: Called Strike
0-2: Strikes out swinging
Batting: RHB Paul Teague 0-0: Called Strike
0-1: Called Strike
0-2: Ball
1-2: Ball
2-2: Fly out, F4 (Line Drive, 4)
Batting: SHB Dan Stone 0-0: Swinging Strike
0-1: Called Strike
0-2: Ball
1-2: Foul Ball, location: 2F
1-2: Strikes out swinging
Bottom of the 5th over - 0 run(s), 1 hit(s), 0 error(s), 1 left on base; Virginia Tech 5 - Iowa State 4
TOP OF THE 6TH
Virginia Tech Hokies batting - Pitching for Iowa State Cyclones : LHP Jeffery Guillermina
Batting: RHB Dusty Green 0-0: Ball
1-0: Called Strike
1-1: Ball
2-1: Called Strike
2-2: Foul Ball, location: 2F
2-2: Ball
3-2: Base on Balls
Batting: RHB Francisco Medina 0-0: Ball
1-0: Fielders Choice at 2nd, 1-6 (Groundball, P)
Batting: RHB Clay Smith 0-0: Ball
1-0: Ball
2-0: Called Strike
2-1: Foul Ball, location: 2F
2-2: Strikes out swinging
Batting: LHB Juan Carlos Manuel 0-0: Ball
1-0: Ball
2-0: Foul Ball, location: 2F
2-1: Fly out, F5 (Popup, 56S)
Top of the 6th over - 0 run(s), 0 hit(s), 0 error(s), 1 left on base; Virginia Tech 5 - Iowa State 4
BOTTOM OF THE 6TH
Iowa State Cyclones batting - Pitching for Virginia Tech Hokies : RHP John Arnold
Batting: RHB Russell Cook 0-0: Swinging Strike
0-1: Foul Ball, location: 2F
0-2: Hit by Pitch
Batting: RHB José Acuña 0-0: Ball
1-0: Called Strike
1-1: Swinging Strike
1-2: Ball
2-2: Strikes out swinging
Batting: RHB Robert Snyder 0-0: Called Strike
0-1: Ball
1-1: Foul Ball, location: 2F
1-2: Ball
2-2: Ball
3-2: Base on Balls
Russell Cook to second
Batting: LHB Mike O'Bryan 0-0: Ball
1-0: Ball
2-0: Ball
3-0: Base on Balls
Russell Cook to third
Robert Snyder to second
Batting: RHB Shane Marshall 0-0: Foul Ball, location: 2F
0-1: Foul Ball, location: 2F
0-2: SINGLE (Line Drive, 4MD)
Russell Cook scores
Robert Snyder to third
Mike O'Bryan to second
Batting: LHB Ángel Pérez 0-0: Ball
1-0: Foul Ball, location: 2F
1-1: Ball
2-1: Foul Ball, location: 2F
2-2: Ball
3-2: Base on Balls
Robert Snyder scores
Mike O'Bryan to third
Shane Marshall to second
Pitching: RHP Nathan Sullivan
Batting: RHB Paco Camacho 0-0: Fly out, F1 (Line Drive, 13)
Batting: RHB Paul Teague 0-0: Ball
1-0: Fly out, F9 (Line Drive, 9)
Bottom of the 6th over - 2 run(s), 1 hit(s), 0 error(s), 3 left on base; Virginia Tech 5 - Iowa State 6
TOP OF THE 7TH
Virginia Tech Hokies batting - Pitching for Iowa State Cyclones : LHP Jeffery Guillermina
Batting: RHB Lawrence Ware 0-0: Reached on error, E9 (Flyball, 89M)
Batting: RHB Eric Clay 0-0: Called Strike
0-1: Swinging Strike
0-2: Ball
1-2: Ball
2-2: Foul Ball, location: 2F
2-2: SINGLE (Line Drive, 4) (infield hit)
Lawrence Ware to second
Pitching: RHP Terry Chouinard
Batting: RHB Rob Fleming 0-0: Sac Bunt - play at first, batter OUT! 1-4
Lawrence Ware to third
Eric Clay to second
Batting: RHB Nathan Taylor 0-0: Ball
1-0: 3-RUN HOME RUN (Flyball, 7D), Distance : 349 ft
Batting: RHB César Rodríguez 0-0: Foul Ball, location: 2F
0-1: Called Strike
0-2: Ball
1-2: Ball
2-2: Strikes out swinging
Batting: RHB Dusty Green 0-0: Called Strike
0-1: Ball
1-1: Ball
2-1: SINGLE (Flyball, 8RS)
Batting: RHB Francisco Medina 0-0: Called Strike
0-1: Foul Ball, location: 2F
0-2: Foul Ball, location: 2F
0-2: Strikes out swinging
Top of the 7th over - 3 run(s), 3 hit(s), 1 error(s), 1 left on base; Virginia Tech 8 - Iowa State 6
BOTTOM OF THE 7TH
Iowa State Cyclones batting - Pitching for Virginia Tech Hokies : RHP Nathan Sullivan
Batting: SHB Dan Stone 0-0: Called Strike
0-1: Ball
1-1: Fly out, F9 (Flyball, 89XD)
Batting: RHB Russell Cook 0-0: Called Strike
0-1: Ball
1-1: Ball
2-1: Ground out 5-3 (Groundball, 5)
Batting: RHB José Acuña 0-0: Foul Ball, location: 2F
0-1: Fly out, F9 (Flyball, 9S)
Bottom of the 7th over - 0 run(s), 0 hit(s), 0 error(s), 0 left on base; Virginia Tech 8 - Iowa State 6
TOP OF THE 8TH
Virginia Tech Hokies batting - Pitching for Iowa State Cyclones : RHP Terry Chouinard
Batting: RHB Clay Smith 0-0: Swinging Strike
0-1: Ball
1-1: Called Strike
1-2: Foul Ball, location: 2F
1-2: Foul Ball, location: 2F
1-2: Ball
2-2: Strikes out swinging
Batting: LHB Juan Carlos Manuel 0-0: Called Strike
0-1: Ball
1-1: Ball
2-1: Ball
3-1: Base on Balls
Batting: RHB Lawrence Ware 0-0: Ball
1-0: Called Strike
1-1: Swinging Strike
1-2: Strikes out swinging
Batting: RHB Eric Clay 0-0: Called Strike
0-1: Called Strike
0-2: Strikes out swinging
Top of the 8th over - 0 run(s), 0 hit(s), 0 error(s), 1 left on base; Virginia Tech 8 - Iowa State 6
BOTTOM OF THE 8TH
Iowa State Cyclones batting - Pitching for Virginia Tech Hokies : RHP Nathan Sullivan
Now at C: Bob Jones
Batting: RHB Robert Snyder 0-0: Ground out 4-3 (Groundball, 4M)
Batting: LHB Mike O'Bryan 0-0: Ball
1-0: Ground out 4-3 (Groundball, 4)
Batting: RHB Shane Marshall 0-0: Swinging Strike
0-1: Ball
1-1: Called Strike
1-2: Ball
2-2: Foul Ball, location: 2F
2-2: Strikes out swinging
Bottom of the 8th over - 0 run(s), 0 hit(s), 0 error(s), 0 left on base; Virginia Tech 8 - Iowa State 6
TOP OF THE 9TH
Virginia Tech Hokies batting - Pitching for Iowa State Cyclones : RHP Terry Chouinard
Batting: RHB Rob Fleming 0-0: Ball
1-0: Ball
2-0: Called Strike
2-1: Fly out, F9 (Flyball, 9LMF)
Batting: RHB Nathan Taylor 0-0: Called Strike
0-1: Ball
1-1: Ball
2-1: Foul Ball, location: 2F
2-2: Ground out 4-3 (Groundball, 4MS)
Batting: RHB César Rodríguez 0-0: Ground out 5-3 (Groundball, 5S)
Top of the 9th over - 0 run(s), 0 hit(s), 0 error(s), 0 left on base; Virginia Tech 8 - Iowa State 6
BOTTOM OF THE 9TH
Iowa State Cyclones batting - Pitching for Virginia Tech Hokies : RHP Nathan Sullivan
Pitching: LHP Jeremy Spencer
Batting: LHB Ángel Pérez 0-0: Fly out, F9 (Line Drive, 9)
Batting: RHB Paco Camacho 0-0: Ball
1-0: Foul Ball, location: 2F
1-1: Called Strike
1-2: Ground out 5-3 (Groundball, 56S)
Batting: RHB Paul Teague 0-0: Ball
1-0: Called Strike
1-1: Foul Ball, location: 2F
1-2: Strikes out swinging
Bottom of the 9th over - 0 run(s), 0 hit(s), 0 error(s), 0 left on base; Virginia Tech 8 - Iowa State 6
Thursday, March 30th, 2017 - OOTP Baseball 17.12 Build 75